 Dungeon Crawl Stone Soup version 0.20-a0-936-gaf809b6 (webtiles) character file.

112221 RKaid the Unseen (level 16, -1/88 HPs)
             Began as a Spriggan Enchanter on Mar 27, 2017.
             Was an Initiate of Gozag.
             Shot with a bolt by a naga sharpshooter (16 damage)
             ... on level 2 of the Snake Pit on Mar 30, 2017.
             The game lasted 02:51:26 (38718 turns).

RKaid the Unseen (Spriggan Enchanter)              Turns: 38718, Time: 02:51:26

Health: -1/88      AC:  8    Str:  4    XL:     16   Next: 11%
Magic:  23/29      EV: 31    Int: 18    God:    Gozag
Gold:   3802       SH:  4    Dex: 19    Spells: 2/31 levels left

rFire    + . .     SeeInvis +   a - +8 trident of the Octopus King {venom, rElec rPois MR+}
rCold    + + +     Gourm    .   (shield currently unavailable)
rNeg     . . .     Faith    .   F - +2 robe {rC+ rF+}
rPois    +         Spirit   .   y - +1 hat {MR+}
rElec    +         Reflect  +   N - +2 cloak of Tenacity {rC+++ Regen+ Int-3 SInv}
rCorr    .         Harm     .   (gloves unavailable)
MR       ++++.                  (boots unavailable)
Stlth    ++++++++..             B - +4 amulet of reflection
Regen    0.7/turn               q - ring of stealth {Stlth+}
MPRegen  0.3/turn               h - ring of wizardry {Wiz+}

@: lethally poisoned (-1 -> -1), about to teleport, gold aura, very quick
A: unfitting armour, see invisible, herbivore 3, speed 3, slow metabolism 2
a: Potion Petition, Call Merchant, Bribe Branch, Renounce Religion


You were on level 2 of the Snake Pit.
You worshipped Gozag.
Gozag was most pleased with you.
You were not hungry.

You visited 5 branches of the dungeon, and saw 26 of its levels.
You visited 1 bazaar.
You also visited: Volcano.

You collected 8329 gold pieces.
You spent 3205 gold pieces at shops.
You paid 1322 gold pieces to Gozag.

Inventory:

Hand Weapons
 a - the +8 trident of the Octopus King (weapon) {venom, rElec rPois MR+}
   (You found it on level 4 of the Dungeon)

   It poisons the flesh of those it strikes.
   It insulates you from electricity.
   It protects you from poison.
   It affects your resistance to hostile enchantments.
 b - a +4 dagger of venom
   (You bought it in a shop on level 4 of the Dungeon)
 c - a +0 vampiric trident {win!}
   (You took it off an orc warrior on level 1 of the Orcish Mines)
 w - the +3 trident "Lacertilian's Nightmare" {elec, rF+ rC++ Dex-2}
   (You found it on level 3 of the Lair of Beasts)

   Occasionally, upon striking a foe, it will discharge some electrical energy
   and cause terrible harm.
   It affects your dexterity (-2).
   It protects you from fire.
   It greatly protects you from cold.
 G - the +5 dagger "Orchoekk" {vamp, rF+}
   (You bought it in a shop on level 4 of the Dungeon)

   It inflicts no extra harm, but heals its wielder when it wounds a living foe.
   It protects you from fire.
Missiles
 E - 3 throwing nets {=f}
Armour
 y - a +1 hat of magic resistance (worn)
   (You took it off Gastronok on level 2 of the Lair of Beasts)
 F - a +2 robe of resistance (worn)
   (You took it off an orc wizard on level 1 of the Orcish Mines)
 N - the +2 cloak of Tenacity (worn) {rC+++ Regen+ Int-3 SInv}
   (You bought it in a shop on level 2 of the Orcish Mines)

   It affects your intelligence (-3).
   It renders you almost immune to cold.
   It lets you see invisible.
   It increases your rate of regeneration.
Jewellery
 h - a ring of wizardry (right hand) {Wiz+}
   (You found it on level 11 of the Dungeon)
 q - a ring of stealth (left hand) {Stlth+}
   (You found it on level 3 of the Dungeon)
 r - a +3 ring of strength
   (You found it on level 3 of the Dungeon)
 z - an uncursed ring of poison resistance {rPois}
   (You found it on level 4 of the Dungeon)
 B - a +4 amulet of reflection (around neck)
   (You bought it in a shop in a bazaar)
 T - an uncursed ring of wizardry {Wiz+}
   (You found it on level 1 of the Snake Pit)
Wands
 g - a wand of lightning (5/15)
   (You found it on level 12 of the Dungeon)
 o - a wand of digging (12/24)
   (You found it on level 13 of the Dungeon)
 v - a wand of digging (8/24)
   (You found it on level 6 of the Dungeon)
 S - a wand of iceblast (2/15)
   (You found it on level 14 of the Dungeon)
 V - a wand of clouds (4/9)
   (You found it on level 1 of the Snake Pit)
Scrolls
 n - 4 scrolls of enchant weapon
 p - 3 scrolls of blinking {!r}
 u - a scroll of fog
 x - 5 scrolls of fear
 D - 8 scrolls of teleportation
 J - 4 scrolls of immolation {!r}
 M - 3 scrolls of magic mapping {!r}
 O - a scroll of enchant armour
 R - 2 scrolls of silence
 U - a scroll of amnesia
 Y - 9 scrolls of remove curse
Potions
 e - 8 potions of flight
 j - 4 potions of lignification {!q}
 k - 5 potions of heal wounds
 l - 4 potions of berserk rage {!q}
 m - 5 potions of mutation {!q!q}
 s - 4 potions of resistance
 t - a potion of ambrosia
 A - 4 potions of agility
 C - 3 potions of magic
 H - 4 potions of might
 I - 8 potions of brilliance
 K - 6 potions of curing
 L - 2 potions of haste
 P - a potion of invisibility
Miscellaneous
 Q - a lamp of fire
   (You found it on level 9 of the Dungeon)
Comestibles
 d - 13 bread rations
 f - 33 fruits
 i - a royal jelly


   Skills:
 - Level 11.7 Fighting
 - Level 11.1 Short Blades
 * Level 10.6 Polearms
 + Level 14.3 Dodging
 - Level 18.0 Stealth
 + Level 8.0 Spellcasting
 - Level 8.0 Hexes
 - Level 5.0 Charms
 - Level 2.0 Ice Magic
 - Level 7.0 Poison Magic


You had 2 spell levels left.
You knew the following spells:

 Your Spells              Type           Power        Failure   Level  Hunger
a - Ensorcelled Hibernat  Hex/Ice        ####..       1%          2    None
b - Confuse               Hex            #####...     1%          3    #......
c - Dazzling Spray        Conj/Hex       ###...       2%          3    #......
d - Poisonous Vapours     Pois/Air       ###...       1%          2    None
e - Mephitic Cloud        Conj/Pois/Air  ###.....     6%          3    #......
f - Spectral Weapon       Hex/Chrm       ####....     1%          3    #......
A - Apportation           Tloc           #.....       4%          1    None
B - Blink                 Tloc           N/A          6%          2    None
C - Regeneration          Chrm/Necr      ###.......   4%          3    #......
D - Song of Slaying       Chrm           ####....     1%          2    None
E - Silence               Hex/Air        ###.......   26%         5    #####..


Dungeon Overview and Level Annotations

Branches:
Dungeon (15/15)            Temple (1/1) D:4            Lair (6/6) D:10
 Shoals (0/4) Lair:3        Snake (2/4) Lair:3        Slime (0/5) Lair:5
    Orc (2/2) D:11            Elf (0/3) Orc:2        Vaults (0/5) D:14
 Depths (0/5) D:15

Altars:
Ashenzari
Cheibriados
Dithmenos
Elyvilon
Fedhas
Gozag
Hepliaklqana
Kikubaaqudgha
Makhleb
Nemelex Xobeh
Okawaru
Qazlal
Ru
Sif Muna
Trog
Uskayaw
Vehumet
Wu Jian
Xom
Yredelemnul
Zin
The Shining One
Jiyva

Shops:
D:4 (   D:11 [(   D:12 *!}%   D:14 %   Orc:1 %   Orc:2 ::[[=   Snake:1 (
Snake:2 (?*

Annotations:
D:11 Isola's ghost, journeyman MfSk
Lair:2 exclusion: 2 oklob plants
Lair:4 SkaryMonk's ghost, journeyman TrHu
Lair:5 1 runed door, exclusion: 4 jellies
Snake:1 Nikola


Innate Abilities, Weirdness & Mutations

You are very small and have problems with some larger weapons.
You are too small for most types of armour.
You have supernaturally acute eyesight. (SInv)
You are a herbivore.
You cover ground extremely quickly.
You need consume almost no food.


Message History

You puncture the naga ritualist!
You feel sick.
The naga ritualist hits you with a scimitar of venom!
You are more poisoned.
The naga ritualist grabs you. The naga ritualist constricts you.
You hit the naga ritualist.
You feel sick.
You are more poisoned.
You hit the naga ritualist but do no damage.
You feel sick. You block the naga ritualist's attack.
The naga ritualist constricts you.
You puncture the naga ritualist!
You feel sick. You block the naga ritualist's attack.
The naga ritualist constricts you.
You feel better.
You are poisoned.
The naga ritualist completely misses you.
The naga ritualist constricts you.
You completely miss the naga ritualist.
You feel sick.
You are more poisoned.
You closely miss the naga ritualist.
The naga ritualist's toxic aura wanes.
The naga ritualist spits poison at you. The splash of poison hits you!
You are more poisoned.
You resist. The naga ritualist constricts you.
You closely miss the naga ritualist.
You feel sick. The naga ritualist closely misses you.
The naga ritualist constricts you.
You escape the naga ritualist's grasp.
Attack whom?
Press: ? - help, Dir - move target cursor, f/p - naga ritualist
Aim: a naga ritualist, wielding a scimitar of venom and wearing a robe (severely wounded, catching its breath)
You reach to attack!
You hit the naga ritualist but do no damage.
You feel sick.
Attack whom?
Press: ? - help, Dir - move target cursor, f/p - naga ritualist
Aim: a naga ritualist, wielding a scimitar of venom and wearing a robe (severely wounded, catching its breath)
You reach to attack!
You hit the naga ritualist but do no damage.
You feel sick.
You hit the naga ritualist.
You feel sick. You block the naga ritualist's attack.
The naga ritualist completely misses you.
You hit the naga ritualist but do no damage.
You hit the naga ritualist.
The naga ritualist is poisoned.
You feel sick.
The naga ritualist mumbles some strange words.
The naga ritualist begins to radiate toxic energy.
You hit the naga ritualist.
The naga ritualist looks as sick as possible!
You are more poisoned.
The naga ritualist points at you and mumbles some strange words.
The lance of force misses you.
You puncture the naga ritualist!
You kill the naga ritualist!
Your Spellcasting skill increases to level 8!
You feel sick.
You feel sick.
Casting: Confuse
Confirm with . or Enter, or press ? or * to list all spells.
You draw out your weapon's spirit!
You feel sick. The mana viper barely misses you.
You puncture the mana viper!
The mana viper is poisoned.
You feel sick.
Your spectral weapon hits the mana viper from afar!
The mana viper looks as sick as possible!
You puncture the black mamba!
Your spectral weapon hits the black mamba from afar.
The black mamba is poisoned.
The mana viper completely misses you. The black mamba misses you.
You closely miss the mana viper.
You feel sick.
Your spectral weapon closely misses the mana viper.
You block the black mamba's attack.
The mana viper is distracted by the nearby gold.
The black mamba barely misses you.
The mana viper hisses angrily.
You puncture the mana viper!
The mana viper is no longer distracted by gold.
You feel sick.
Your spectral weapon closely misses the mana viper.
The black mamba bites you!!
* * * LOW HITPOINT WARNING * * *
The mana viper bites you!
* * * LOW HITPOINT WARNING * * *
You feel your power leaking away.
The black mamba barely misses your spectral weapon.
The black mamba is distracted by the nearby gold.
You feel sick.
The black mamba is distracted by the nearby gold.
The mana viper closely misses your spectral weapon.
You kill the mana viper!
You feel sick.
You feel sick.
A naga sharpshooter comes into view.
It is wielding a dire flail of protection.
As you read the scroll of teleportation, it crumbles to dust.
You feel strangely unstable.
You feel sick.
The naga sharpshooter shouts!
The black mamba barely misses your spectral weapon. x2
The naga sharpshooter unwields an uncursed dire flail of protection.
The naga sharpshooter wields an uncursed arbalest.
The naga sharpshooter casts a spell.
The naga sharpshooter magically shoots a bolt.
The bolt hits you!
You die...
Your body crumbles into a pile of gold.

.................................
.................................
.................................
.####.....##.....................
#$##########.....................
##$## ##.....................
##.## #......................
####.######......................
......$.....S.S(@................
.........................).)<....
........................(.)......
....................S...)........
#########....###..#..............
###### ####..............
########...............
##............N......... ####
##................###....


You could see a naga sharpshooter, an anaconda, 2 black mambas and a friendly
spectral trident of the Octopus King {venom, rElec rPois MR+}.

Vanquished Creatures
  Gastronok (Lair:2)
  A nagaraja (Snake:2)
  A stone giant (Orc:1)
  Snorg (D:11)
  4 ogre magi
  A yaktaur captain (D:15)
  4 hydras
  5 naga warriors
  2 catoblepae
  Erica (D:8)
  3 anacondas (Snake:1)
  3 centaur warriors
  An alligator (Lair:5)
  20 two-headed ogres
  5 tengu warriors
  An orc high priest (D:11)
  3 naga sharpshooters (Snake:1)
  A salamander mystic (Snake:1)
  A shock serpent (Snake:1)
  3 naga ritualists (Snake:2)
  A wizard (D:14)
  Pikel (D:8)
  2 orc knights
  A necromancer (D:14)
  5 mana vipers
  3 orc sorcerers
  A manticore (D:15)
  2 deep elf magi
  3 salamanders
  7 ugly things
  A cyclops (D:11)
  2 guardian serpents
  6 naga magi
  28 black mambas
  A gargoyle (D:10)
  20 spiny frogs
  2 kobold demonologists
  A yaktaur (D:15)
  3 rime drakes
  5 komodo dragons
  A red devil (Volcano)
  4 trolls
  4 polar bears
  4 tengu conjurers
  14 hippogriffs
  18 blink frogs
  A harpy skeleton (D:15)
  5 tyrant leeches
  16 slime creatures
  Sigmund (D:5)
  A centaur simulacrum (D:14)
  A shadow (D:14)
  3 wyverns
  30 yaks
  2 basilisks
  Eustachio (D:5)
  A redback simulacrum (D:14)
  3 hungry ghosts
  A steam dragon (D:15)
  10 vampire mosquitoes
  10 nagas
  An acid dragon (D:13)
  4 wargs
  2 soldier ants
  15 water moccasins
  9 porcupines
  2 hell hounds (Volcano)
  25 orc warriors
  An ice beast (shapeshifter) (D:15)
  2 black bears (shapeshifter)
  3 black bears
  3 sky beasts
  8 ice beasts
  2 eyes of draining (D:14)
  28 ogres
  3 phantoms
  16 centaurs
  15 crocodiles
  3 big kobolds
  29 bullfrogs
  7 scorpions
  A wyvern skeleton (D:11)
  16 killer bees
  8 wights
  2 electric eels (D:6)
  2 howler monkeys
  7 crimson imps
  3 bullfrog zombies
  4 centaur zombies
  4 centaur skeletons
  5 hounds
  5 jellies
  24 orc wizards
  A quasit (D:11)
  Crazy Yiuf (D:2)
  20 orc priests
  2 bullfrog skeletons
  Ijyb (D:5)
  5 iguanas
  9 worker ants
  Natasha (thrice) (D:4)
  2 hound zombies
  A worker ant zombie (D:6)
  12 adders
  3 gnolls (D:2)
  4 shadow imps
  3 oozes
  An adder zombie (D:8)
  3 adder skeletons
  2 worms
  A dart slug (D:1)
  5 leopard geckos
  75 orcs
  13 bats
  12 giant cockroaches
  8 hobgoblins
  13 jackals
  16 kobolds
  A quokka (D:6)
  4 ball pythons
  6 frilled lizards
  A giant cockroach zombie (D:6)
  7 goblins
  2 leopard gecko zombies
  A quokka skeleton (D:4)
  8 rats
  A fungus (Lair:6)
794 creatures vanquished.

Vanquished Creatures (collateral kills)
  A slime creature (D:12)
  A howler monkey (D:12)
2 creatures vanquished.

Vanquished Creatures (others)
  A hungry ghost (D:8)
  3 slaves (D:8)
  A centaur (D:14)
  A worker ant (D:8)
  A jackal (D:6)
  16 fungi
  28 plants
  3 spectral weapons (Snake:2)
54 creatures vanquished.

Grand Total: 850 creatures vanquished

Notes
Turn   | Place    | Note
-------+----------+-------------------------------------------
     0 | D:1      | RKaid the Spriggan Enchanter began the quest for the Orb.
     0 | D:1      | Reached XP level 1. HP: 9/9 MP: 5/5
   276 | D:1      | Reached XP level 2. HP: 13/13 MP: 6/6
   284 | D:1      | Learned a level 2 spell: Ensorcelled Hibernation
   305 | D:1      | Reached skill level 4 in Hexes
   637 | D:1      | Reached skill level 5 in Stealth
   647 | D:1      | Reached skill level 2 in Short Blades
   856 | D:1      | Reached XP level 3. HP: 16/16 MP: 8/8
  1023 | D:2      | Learned a level 3 spell: Confuse
  1374 | D:3      | Reached XP level 4. HP: 11/21 MP: 2/9
  1832 | D:3      | Reached skill level 6 in Stealth
  2179 | D:4      | Noticed an ogre
  2181 | D:4      | Killed an ogre
  2181 | D:4      | Reached skill level 3 in Short Blades
  2181 | D:4      | Reached skill level 5 in Hexes
  2181 | D:4      | Reached XP level 5. HP: 24/24 MP: 10/10
  2206 | D:4      | Learned a level 3 spell: Dazzling Spray
  2397 | D:4      | Found Muhusiot's Antique Weapon Emporium.
  2443 | D:4      | Reached skill level 7 in Stealth
  2469 | D:4      | Reached skill level 4 in Short Blades
  2469 | D:4      | Reached skill level 3 in Spellcasting
  2469 | D:4      | Reached XP level 6. HP: 28/28 MP: 7/11
  2518 | D:4      | Noticed Natasha
  2519 | D:4      | Killed Natasha
  2728 | D:4      | Noticed an orc warrior
  2774 | D:4      | Killed an orc warrior
  2774 | D:4      | Reached skill level 8 in Stealth
  2774 | D:4      | Reached skill level 4 in Spellcasting
  2876 | D:4      | Learned a level 1 spell: Apportation
  3007 | D:4      | Reached XP level 7. HP: 31/32 MP: 7/14
  3164 | D:4      | Found a staircase to the Ecumenical Temple.
  3178 | Temple   | Entered the Ecumenical Temple
  3386 | D:4      | Noticed Natasha
  3399 | D:4      | Killed Natasha
  3590 | D:5      | Entered Level 5 of the Dungeon
  3628 | D:5      | Noticed Eustachio
  3690 | D:5      | Reached skill level 5 in Short Blades
  3838 | D:5      | Noticed Sigmund
  3843 | D:5      | Killed Sigmund
  3848 | D:5      | Reached skill level 5 in Spellcasting
  3848 | D:5      | Reached skill level 6 in Hexes
  4026 | D:5      | Killed Eustachio
  4026 | D:5      | Reached XP level 8. HP: 31/36 MP: 13/17
  4120 | D:5      | Reached skill level 6 in Short Blades
  4255 | D:5      | Found a sacrificial altar of Ru.
  4317 | D:5      | Reached skill level 6 in Spellcasting
  4382 | D:5      | Noticed a hippogriff
  4389 | D:5      | Killed a hippogriff
  4389 | D:5      | Reached skill level 7 in Hexes
  4516 | D:5      | Noticed Ijyb
  4574 | D:4      | Noticed Natasha
  4585 | D:4      | Killed Natasha
  4741 | D:5      | Killed Ijyb
  4830 | D:6      | Reached skill level 7 in Short Blades
  4830 | D:6      | Reached skill level 4 in Dodging
  5112 | D:6      | Reached skill level 8 in Hexes
  5112 | D:6      | HP: 9/36 [wight/enchanted scimitar (2)]
  5346 | D:5      | Upgraded the game from 0.20-a0-924-gfa95efa to 0.20-a0-926-g560771d
  5813 | D:6      | Reached skill level 5 in Dodging
  5851 | D:6      | Reached skill level 1 in Fighting
  6130 | D:6      | Reached XP level 9. HP: 32/41 MP: 9/19
  6284 | D:6      | Reached skill level 2 in Fighting
  6311 | D:6      | Reached skill level 6 in Dodging
  6866 | D:7      | Reached skill level 3 in Fighting
  7226 | Temple   | Became a worshipper of Gozag Ym Sagoz the Greedy
  7432 | D:2      | Found a runed door.
  7436 | D:2      | Noticed Crazy Yiuf
  7440 | D:2      | Killed Crazy Yiuf
  7982 | D:2      | Reached skill level 7 in Dodging
  8209 | D:4      | Bought a translucent dagger for 210 gold pieces
  8213 | D:4      | Identified the +5 dagger "Orchoekk" {vamp, rF+} (You bought it in a shop on level 4 of the Dungeon)
  8295 | D:6      | Reached skill level 4 in Fighting
  8832 | D:7      | Found a shattered altar of Ashenzari.
  8835 | D:7      | Found an iron altar of Okawaru.
  8838 | D:7      | Found a shimmering altar of Xom.
  8935 | D:8      | Found a snail-covered altar of Cheibriados.
  9016 | D:8      | Reached skill level 5 in Fighting
  9028 | D:8      | Reached skill level 8 in Dodging
  9218 | D:8      | Found a shadowy altar of Dithmenos.
  9271 | D:8      | Noticed a two-headed ogre
  9274 | D:8      | Noticed Pikel
  9304 | D:8      | Killed Pikel
  9326 | D:8      | Killed a two-headed ogre
  9326 | D:8      | Reached skill level 6 in Fighting
  9326 | D:8      | Reached skill level 9 in Dodging
  9326 | D:8      | Reached XP level 10. HP: 52/53 MP: 7/20
  9377 | D:8      | Noticed a two-headed ogre
  9442 | D:8      | Killed a two-headed ogre
  9686 | D:8      | Reached skill level 7 in Fighting
 10133 | D:8      | Noticed Erica
 10146 | D:8      | Killed Erica
 10146 | D:8      | Reached skill level 10 in Dodging
 10523 | D:9      | Reached skill level 9 in Stealth
 10626 | D:9      | Noticed a two-headed ogre
 10720 | D:9      | Reached skill level 8 in Fighting
 11258 | D:9      | Reached skill level 10 in Stealth
 11368 | D:10     | Entered Level 10 of the Dungeon
 11563 | D:9      | Reached XP level 11. HP: 60/60 MP: 18/21
 11760 | D:10     | Found a staircase to the Lair.
 11809 | D:10     | Reached skill level 8 in Short Blades
 12127 | D:10     | Killed a two-headed ogre
 12127 | D:10     | Reached skill level 11 in Stealth
 12674 | D:10     | Reached skill level 12 in Stealth
 12987 | Lair:1   | Entered Level 1 of the Lair of Beasts
 13714 | Lair:2   | Reached skill level 13 in Stealth
 13849 | Lair:2   | Reached skill level 9 in Short Blades
 13907 | Lair:2   | Noticed Gastronok
 14699 | Lair:3   | Reached skill level 9 in Fighting
 14864 | Lair:3   | Reached skill level 14 in Stealth
 15079 | Lair:3   | Found a staircase to the Snake Pit.
 15082 | Lair:3   | Got a crude trident
 15228 | Lair:3   | Identified the +3 trident "Lacertilian's Nightmare" {elec, rF+ rC++ Dex-2} (You found it on level 3 of the Lair of Beasts)
 15321 | Lair:3   | Reached XP level 12. HP: 66/66 MP: 20/22
 15492 | Lair:3   | Found a staircase to the Shoals.
 15763 | Lair:4   | Noticed a six-headed hydra
 15796 | Lair:4   | Noticed an eight-headed hydra
 15832 | Lair:3   | Killed an eight-headed hydra
 15832 | Lair:3   | Reached skill level 15 in Stealth
 16466 | Lair:4   | Killed a six-headed hydra
 16466 | Lair:4   | Reached skill level 10 in Short Blades
 17118 | Lair:4   | Noticed SkaryMonk's ghost (journeyman TrHu)
 17212 | Lair:4   | Noticed an eight-headed hydra
 17218 | Lair:4   | Reached skill level 16 in Stealth
 17237 | Lair:4   | Killed an eight-headed hydra
 17504 | Lair:5   | Noticed a catoblepas
 17511 | Lair:5   | Killed a catoblepas
 17864 | Lair:5   | Reached skill level 10 in Fighting
 17864 | Lair:5   | Reached skill level 17 in Stealth
 18112 | Lair:5   | Found a runed door.
 18113 | Lair:5   | Found a viscous altar of Jiyva.
 18114 | Lair:5   | Found a staircase to the Slime Pits.
 18256 | Lair:5   | Noticed an alligator
 18421 | Lair:5   | Killed an alligator
 18798 | Lair:6   | Entered Level 6 of the Lair of Beasts
 18931 | Lair:6   | Reached XP level 13. HP: 71/72 MP: 16/23
 18933 | Lair:6   | Found a dark tunnel.
 18954 | Lair:6   | Reached skill level 18 in Stealth
 19024 | Volcano  | Entered a volcano
 19105 | Volcano  | Reached skill level 1 in Polearms
 19663 | Lair:5   | Reached skill level 2 in Polearms
 19966 | Lair:6   | Reached skill level 11 in Short Blades
 20103 | Lair:6   | Reached skill level 3 in Polearms
 20336 | Lair:5   | Reached skill level 4 in Polearms
 20890 | Lair:6   | Reached skill level 5 in Polearms
 21542 | Lair:6   | Reached skill level 6 in Polearms
 21849 | D:11     | Noticed Snorg
 21880 | D:11     | Killed Snorg
 21996 | D:11     | Found Vuadui's Weapon Shop.
 21996 | D:11     | Found a staircase to the Orcish Mines.
 22162 | D:11     | Found Neiwoemo's Armour Shop.
 22215 | D:11     | Reached skill level 7 in Polearms
 22723 | D:11     | Identified the Tome of Bewitching Darkness
 22909 | D:11     | Noticed Isola's ghost (journeyman MfSk)
 23884 | D:12     | Found a glowing golden altar of the Shining One.
 23935 | D:12     | Found Ireskyto's Gadget Shoppe.
 24097 | D:12     | Reached XP level 14. HP: 40/77 MP: 24/24
 24307 | Orc:1    | Entered Level 1 of the Orcish Mines
 24672 | Orc:1    | HP: 15/77 [orc high priest/scimitar (6)]
 24678 | D:11     | Reached skill level 11 in Dodging
 25115 | Orc:1    | Found Kocitenn's Food Shop.
 25441 | Orc:1    | Noticed a stone giant
 25505 | Orc:2    | Entered Level 2 of the Orcish Mines
 25747 | Orc:2    | Found a staircase to the Elven Halls.
 25972 | Orc:2    | Found Tilocisk's Book Shoppe.
 25972 | Orc:2    | Found Iraul's Antique Armour Boutique.
 25972 | Orc:2    | Found Weczukuw's Book Shop.
 25972 | Orc:2    | Found Kuofanicau's Antique Armour Shoppe.
 25989 | Orc:2    | Reached skill level 8 in Polearms
 26537 | Orc:1    | Killed a stone giant
 26860 | Orc:1    | Reached skill level 12 in Dodging
 27194 | Orc:2    | Reached skill level 9 in Polearms
 27288 | Orc:2    | Bought a distressingly furry cloak for 209 gold pieces
 27289 | Orc:2    | Bought a book of Minor Magic for 260 gold pieces
 27289 | Orc:2    | Bought a book of Clouds for 585 gold pieces
 27289 | Orc:2    | Bought a book of Enchantments for 650 gold pieces
 27293 | Orc:2    | Identified the +2 cloak of Tenacity {rC+++ Regen+ Int-3 SInv} (You bought it in a shop on level 2 of the Orcish Mines)
 27307 | Orc:2    | Learned a level 2 spell: Blink
 27310 | Orc:2    | Learned a level 2 spell: Poisonous Vapours
 27314 | Orc:2    | Learned a level 3 spell: Mephitic Cloud
 27542 | Orc:2    | Found Waopt's Jewellery Boutique.
 27742 | Orc:2    | Bought a +3 amulet of reflection for 219 gold pieces
 28206 | D:12     | Found Xisuq's Assorted Antiques.
 28227 | D:12     | Bought 3 scrolls of teleportation for 234 gold pieces
 28227 | D:12     | Bought a steaming spear for 208 gold pieces
 28227 | D:12     | Identified the +6 spear of Certain Death {venom, Str+3} (You bought it in a shop on level 12 of the Dungeon)
 28360 | D:10     | Learned a level 2 spell: Song of Slaying
 28364 | D:10     | Learned a level 3 spell: Regeneration
 28370 | D:10     | Learned a level 5 spell: Silence
 29217 | D:12     | Found Fupn's Food Emporium.
 29450 | D:12     | Found Yqinifiw's Distillery.
 29458 | D:12     | Bought a potion of heal wounds for 75 gold pieces
 29656 | D:13     | Reached skill level 11 in Fighting
 29849 | D:13     | Reached skill level 13 in Dodging
 31053 | D:14     | Reached skill level 10 in Polearms
 31155 | D:14     | Reached skill level 1 in Poison Magic
 31206 | D:14     | Reached XP level 15. HP: 82/82 MP: 25/25
 31219 | D:14     | Reached skill level 1 in Charms
 31287 | D:14     | Reached skill level 2 in Poison Magic
 31313 | D:14     | Reached skill level 2 in Charms
 31483 | D:14     | Found a gate to the Vaults.
 31586 | D:14     | Reached skill level 3 in Charms
 31591 | D:14     | Reached skill level 3 in Poison Magic
 31741 | D:14     | Found Poukeidgh's Food Boutique.
 32139 | D:15     | Entered Level 15 of the Dungeon
 32168 | D:15     | Found a flickering gateway to a bazaar.
 32204 | Bazaar   | Entered a bazaar
 32223 | Bazaar   | Found Nebiunax's Jewellery Shop.
 32223 | Bazaar   | Found Leuvam's Gadget Boutique.
 32283 | Bazaar   | Found Bolyesatuf's Jewellery Boutique.
 32283 | Bazaar   | Found Ijyal's Book Shop.
 32343 | Bazaar   | Bought a +4 amulet of reflection for 405 gold pieces
 32465 | D:15     | HP: 15/82 [manticore/volley of spikes (15)]
 32478 | D:15     | Reached skill level 4 in Charms
 32478 | D:15     | Reached skill level 4 in Poison Magic
 32566 | D:14     | Upgraded the game from 0.20-a0-926-g560771d to 0.20-a0-927-g1ae2c61
 32942 | D:15     | Reached skill level 1 in Ice Magic
 33127 | D:15     | Reached skill level 14 in Dodging
 33204 | D:15     | Reached skill level 5 in Poison Magic
 33234 | D:15     | Found a staircase to the Depths.
 33247 | D:15     | Reached skill level 5 in Charms
 33447 | Lair:2   | RKaid: @??gastronok
 33447 | Lair:2   | beem: Gastronok (w)
                  | Spd:
     5 | HD: 20   | HP: 125-171
                  | AC/EV: 3/1
                  | Dam: 40
                  | items, doors, amphibious, spellcaster, see invisible
                  | Res: magic(80), drown
                  | Chunks: noxious
                  | XP: 2231
                  | Sp: cantrip, airstrike (0-50), sum.small mammal, slow, sprint
                  | Sz: Big
                  | Int: human.
 33479 | Lair:2   | Killed Gastronok
 33547 | Lair:2   | Identified Sif Muna's Handbook of the Lucky Snowflakes
 33741 | Snake:1  | Entered Level 1 of the Snake Pit
 34626 | D:4      | Bought a glowing dagger for 150 gold pieces
 34860 | Snake:1  | Reached skill level 6 in Poison Magic
 34963 | Snake:1  | Noticed Nikola
 34988 | Snake:1  | Reached skill level 2 in Ice Magic
 35009 | Snake:1  | Found Qotyreolos's Antique Weapon Emporium.
 35442 | Snake:1  | Upgraded the game from 0.20-a0-927-g1ae2c61 to 0.20-a0-936-gaf809b6
 35650 | Snake:1  | Reached skill level 7 in Poison Magic
 35937 | Snake:2  | Found Ostruoch's General Store.
 36736 | Snake:2  | Reached skill level 7 in Spellcasting
 36961 | Snake:2  | HP: 7/84 [naga warrior/dire flail (16)]
 37153 | Snake:2  | Noticed a nagaraja
 37659 | D:10     | Learned a level 3 spell: Spectral Weapon
 37758 | Snake:1  | HP: 10/84 [anaconda (17)]
 37758 | Snake:1  | HP: 4/84 [anaconda (3)]
 38084 | Snake:2  | Reached XP level 16. HP: 79/88 MP: 21/28
 38416 | Snake:2  | Found Vugh's Magic Scroll Shop.
 38416 | Snake:2  | Found Murin's Weapon Boutique.
 38699 | Snake:2  | Reached skill level 8 in Spellcasting
 38706 | Snake:2  | HP: 15/88 [mana viper (9)]
 38712 | Snake:2  | HP: 15/88 [poisoned by a naga ritualist (toxic radiance)]
 38718 | Snake:2  | HP: 15/88 [poisoned by a naga ritualist (toxic radiance)]
 38718 | Snake:2  | Shot with a bolt by a naga sharpshooter

Vault maps used:
D:1:      minmay_arrival_glassed_features
D:2:      uniq_crazy_yiuf_cottage
D:3:      first_bread, roderic_batcave, kennysheep_generic_room_5
D:4:      temple_green, serial_shops, shop, uniq_natasha
D:5:      nicolae_ru_the_path_less_chosen, corexii_leaking_fountain, uniq_iyjb,
          uniq_sigmund, uniq_eustachio
D:6:      serial_bayou, serial_bayou_lake_a, serial_bayou_shore_a,
          serial_bayou_pond_c, serial_bayou_pond_d
D:7:      grunt_temple_overflow_diamond
D:8:      grunt_dithmenos_smoke, cheibriados_altar_1, uniq_pikel, uniq_erica
D:9:      blue_anna_alchemist, minmay_misc_feat_rugged
D:10:     grunt_lair_entry_orc_guard_hut
D:11:     orc_david_3, uniq_snorg
D:12:     serial_shops, nicolae_shop_overgrown_old_shop, kennysheep_mini,
          kennysheep_little_box, shop, basic_altar, minmay_misc_feat_enclosed
D:13:     wad_rectangle_vault
D:14:     david_vaults_1, serial_shops, shop, minmay_misc_feat_encased,
          lemuel_flamethrower_3
D:15:     grunt_enter_depths_snipers, serial_shops, bzr_entry_lakeside,
          serial_aquarium, aquarium_bridge_square, aquarium_window_fake,
          aquarium_window_1, aquarium_view_2b, serial_park_tiny_1
Temple:   eino_temple_rhombus
Lair:1:   nicolae_lair_grove_arrangements
Lair:2:   grunt_megastairs_4, lemuel_fruit_fields, lemuel_fruit_tree,
          minmay_lair_oklob_chamber, infiniplex_staircase_pool, uniq_gastronok
Lair:3:   elwin_shoals_entry_rocks, dummy_snake_entry
Lair:4:   grunt_megastairs_2
Lair:5:   beast_lair_carwin_large_2, slime_altar_2
Lair:6:   minmay_lair_end_frog_pond, nicolae_volcano_entry_two_sided,
          nicolae_quartered_pool_little
Snake:1:  serial_shops, nicolae_shop_statue_plus, uniq_nikola
Snake:2:  serial_shops, nicolae_shop_statue_plus, minmay_shoptagon
Orc:1:    serial_shops, nicolae_shop_competitors_out_of_business,
          nicolae_orc_sculptors_studio
Orc:2:    st_orc_ogre_mass, serial_shops, shop_fountains
Bazaar:   bazaar_jpeg_ribbon
Volcano:  volcano_pools

Skill      XL: |  1  2  3  4  5  6  7  8  9 10 11 12 13 14 15 16 |
---------------+-------------------------------------------------+-----
Hexes          | 4 5 6 8 |  8.0
Stealth        | 5 6 7 8 10 14 17 18 | 18.0
Short Blades   | 2 3 4 5 7 9 10 11 | 11.1
Spellcasting   | 3 4 5 6 7 8 |  8.0
Dodging        | 5 9 10 13 14 | 14.3
Fighting       | 1 6 8 9 10 11 | 11.7
Polearms       | 7 10 | 10.6
Poison Magic   | 1 7 |  7.0
Charms         | 5 |  5.0
Ice Magic      | 2 |  2.0

Action                   |  1- 3 |  4- 6 |  7- 9 | 10-12 | 13-15 | 16-18 || total
-------------------------+-------+-------+-------+-------+-------+-------++-------
Melee: Dagger            |   145 |    81 |   369 |   498 |   205 |       ||  1298
       Trident           |       |       |    26 |       |  1767 |   109 ||  1902
Throw: Stone             |       |     3 |       |       |       |       ||     3
 Cast: Corona            |     1 |       |       |       |       |       ||     1
       Ensorcelled Hiber |    10 |    14 |    80 |   224 |   116 |       ||   444
       Confuse           |       |     3 |    25 |    44 |   105 |     3 ||   180
       Dazzling Spray    |       |       |       |     2 |    24 |     1 ||    27
       Blink             |       |       |       |       |     2 |       ||     2
       Apportation       |       |       |       |       |     5 |       ||     5
       Mephitic Cloud    |       |       |       |       |     4 |       ||     4
       Spectral Weapon   |       |       |       |       |     2 |     5 ||     7
       Poisonous Vapours |       |       |       |       |     2 |       ||     2
       Song of Slaying   |       |       |       |       |     1 |       ||     1
Invok: Potion Petition   |       |       |       |       |     4 |       ||     4
Evoke: Wand              |       |       |       |     4 |    10 |     2 ||    16
       Lamp of fire      |       |       |       |       |     1 |       ||     1
  Use: Scroll            |     6 |     2 |     5 |    16 |    15 |     1 ||    45
       Potion            |       |       |       |       |     5 |     1 ||     6
 Stab: Sleeping          |    21 |    18 |    70 |   118 |   111 |       ||   338
       Confused          |       |     2 |    17 |    22 |    83 |     4 ||   128
       Distracted        |       |       |     2 |     6 |    30 |       ||    38
       Invisible         |       |       |       |       |     2 |       ||     2
  Eat: Bread ration      |       |     1 |       |       |       |       ||     1
       Fruit             |       |       |     7 |     6 |    20 |       ||    33
       Royal jelly       |       |       |       |     2 |     5 |       ||     7
Armor: Robe              |    18 |    10 |    22 |    17 |    78 |     3 ||   148
Dodge: Dodged            |   117 |    38 |   258 |   461 |  1301 |    64 ||  2239
Block: Other             |       |       |       |       |   109 |    10 ||   119
       Reflection        |       |       |       |       |    12 |     1 ||    13

Table legend:
 A = Turns spent in this place as a percentage of turns spent in the entire game.
 B = Non-inter-level travel turns spent in this place as a percentage of non-inter-level travel turns spent in the entire game.
 C = Inter-level travel turns spent in this place as a percentage of turns spent in this place.
 D = Turns resting spent in this place as a percentage of non-inter-level travel turns spent in this place.
 E = Turns spent auto-exploring this place as a percentage of non-inter-level travel turns spent in this place.
 F = Non-inter-level travel turns spent in this place divided by the number of levels of this place that you've seen.
                   A       B       C       D       E      F
               +-------+-------+-------+-------+-------+----------------------
         Total | 100.0 | 100.0 |   0.6 |   3.5 |   4.0 | 497.4
       Dungeon |  53.7 |  53.7 |   0.7 |   3.4 |   4.7 | 498.3
        Temple |   0.7 |   0.6 |   2.2 |   0.0 |  20.0 |  90.0
          Lair |  19.6 |  19.6 |   0.6 |   4.2 |   3.8 | 455.5
     Snake Pit |  14.4 |  14.4 |   0.3 |   4.0 |   1.4 | 1005.0
  Orcish Mines |  10.3 |  10.3 |   0.3 |   2.2 |   3.3 | 719.5
        Bazaar |   0.4 |   0.4 |   0.0 |   0.0 |   7.4 |  54.0
       Volcano |   0.9 |   0.9 |   0.0 |   0.0 |   0.8 | 128.0
               +-------+-------+-------+-------+-------+----------------------

Table legend:
 A = Kills in this place as a percentage of kills in entire the game.
 B = Kills by you in this place as a percentage of kills by you in the entire game.
 C = Kills by friends in this place as a percentage of kills by friends in the entire game.
 D = Other kills in this place as a percentage of other kills in the entire game.
 E = Experience gained in this place as a percentage of experience gained in the entire game.
 F = Experience gained in this place divided by the number of levels of this place that you have seen.
                   A       B       C       D       E      F
               +-------+-------+-------+-------+-------+----------------------
         Total | 100.0 | 100.0 | 100.0 | 100.0 | 100.0 | 5725.6
       Dungeon |  59.0 |  59.5 | 100.0 |  23.1 |  36.8 | 3938.0
          Lair |  18.2 |  18.4 |   0.0 |   7.7 |  25.8 | 6887.0
     Snake Pit |   8.0 |   8.2 |   0.0 |   0.0 |  21.8 | 17457.5
  Orcish Mines |  14.2 |  13.3 |   0.0 |  69.2 |  14.9 | 11917.0
       Volcano |   0.5 |   0.5 |   0.0 |   0.0 |   0.7 | 1175.0
               +-------+-------+-------+-------+-------+----------------------
